 Dungeon Crawl Stone Soup version 0.24.0-13-gcf9b3192b9 (webtiles) character file.

Game seed: 454509917548056667, levelgen mode: deterministic

63 tonywhite87 the Conjurer (level 4, 0/24 HPs)
             Began as a Tengu Conjurer on Nov 6, 2019.
             Slain by a worker ant (7 damage)
             ... on level 3 of the Dungeon.
             The game lasted 00:08:38 (2575 turns).

tonywhite87 the Conjurer (Tengu Conjurer)           Turns: 2575, Time: 00:08:38

Health: 0/24       AC:  4    Str:  8    XL:     4   Next: 9%
Magic:  3/17       EV: 13    Int: 16    God:
Gold:   109        SH:  0    Dex: 18    Spells: 4/8 levels left

rFire    + . .     SeeInvis .   n - +0 short sword
rCold    + . .     Gourm    .   (no shield)
rNeg     + . .     Faith    .   i - +1 robe {rN+}
rPois    .         Spirit   .   (helmet restricted)
rElec    .         Reflect  .   g - scarf {rC+ rF+}
rCorr    .         Harm     .   o - +0 pair of gloves
MR       .....                  (boots unavailable)
Stlth    ++........             (no amulet)
HPRegen  0.08/turn              a - +3 ring of dexterity
MPRegen  0.15/turn              q - ring of magical power

@: no status effects
A: beak, talons 3
a: no special abilities


You were on level 3 of the Dungeon.
You were not hungry.

You visited 1 branch of the dungeon, and saw 3 of its levels.

You collected 109 gold pieces.

Inventory:

Hand Weapons
 n - a +0 short sword (weapon)
Armour
 d - a +0 cloak
 g - a scarf of resistance (worn)
 i - a +1 robe of positive energy (worn)
 o - a +0 pair of gloves (worn)
Jewellery
 a - a +3 ring of dexterity (left hand)
 q - a ring of magical power (right hand)
Wands
 m - a wand of acid (11)
Scrolls
 b - 2 scrolls of remove curse
 f - 2 scrolls of fear
 h - 2 scrolls of enchant weapon {unknown}
 l - a scroll of amnesia {unknown}
 p - a scroll of teleportation {unknown}
Potions
 e - a potion of heal wounds
 j - a potion of mutation {unknown}
 k - 2 potions of curing
Comestibles
 c - 8 rations
 r - 7 chunks of flesh


   Skills:
 + Level 2.8 Dodging
 + Level 2.0 Stealth
 + Level 2.5 Spellcasting
 + Level 6.5 Conjurations


You had 4 spell levels left.
You knew the following spells:

 Your Spells              Type           Power        Failure   Level  Hunger
a - Magic Dart            Conj           ###.         1%          1    #......
b - Dazzling Spray        Conj/Hex       ##....       16%         3    ###....

Your spell library contained the following spells:

 Spells                   Type           Power        Failure   Level  Hunger
 Searing Ray              Conj           ###...       1%          2    ##.....
 Iskenderun's Mystic Bla  Conj           ###.....     13%         4    #####..
 Force Lance              Conj/Tloc      ##......     45%         4    #####..
 Fulminant Prism          Conj/Hex       ##........   45%         4    #####..


Dungeon Overview and Level Annotations

Branches:
Dungeon (3/15)

Altars:

Annotations:
D:3 3 runed translucent doors, Gumption's ghost, amateur OpCj


Innate Abilities, Weirdness & Mutations

You have a beak for a mouth.
You have claws for feet.


Message History

You claw the worker ant. Your peck misses the worker ant.
The worker ant is severely wounded.
The worker ant closely misses you. The worker ant misses you.
You hit the worker ant but do no damage.
The worker ant is severely wounded.
The worker ant closely misses you.
You hit the worker ant.
You peck the worker ant, but do no damage.
The worker ant is severely wounded.
The worker ant bites you.
You hit the worker ant but do no damage.
Your kick misses the worker ant. You peck the worker ant.
The worker ant is almost dead.
The worker ant bites you.
* * * LOW HITPOINT WARNING * * *
The worker ant bites you but does no damage.
Things that are here:
a +0 trident; a +0 scale mail The worker ant bites you!
You die...

#.#.# #...#.# #.# #.#.#
#.#...# #.# #.#.#
#.##### #.# #.#.# #.#
#.# #.#.# #.# #.# #(#.#
#.# #.# ##.#.# #.# #.#
#.###....# #.#######.
##......@# #.........
##.###..a#####.########
#...........)(.#
.###.##.##.###.......
#.......J.########
#..#.##.#.#
####.#.#.##.#
.).......###.#
#######.## #.#


You could see a worker ant.

Vanquished Creatures
  An adder (D:2)
  An ooze (D:1)
  A dart slug (D:1)
  A leopard gecko (D:3)
  5 orcs (D:3)
  5 giant cockroaches
  5 goblins (D:1)
  5 hobgoblins
  7 bats
  2 frilled lizards (D:2)
  A kobold (D:1)
  5 rats
39 creatures vanquished.

Vanquished Creatures (others)
  2 fungi (D:3)
2 creatures vanquished.

Grand Total: 41 creatures vanquished

Notes
Turn   | Place    | Note
-------+----------+-------------------------------------------
     0 | D:1      | tonywhite87 the Tengu Conjurer began the quest for the Orb.
     0 | D:1      | Reached XP level 1. HP: 10/10 MP: 4/4
   224 | D:1      | Reached XP level 2. HP: 15/15 MP: 4/6
   481 | D:1      | Reached skill level 6 in Conjurations
  1044 | D:1      | Reached XP level 3. HP: 19/19 MP: 3/7
  2402 | D:3      | Learned a level 3 spell: Dazzling Spray
  2423 | D:3      | Found a runed translucent gate.
  2423 | D:3      | Found a runed translucent gate.
  2423 | D:3      | Found a runed translucent gate.
  2424 | D:3      | Noticed Gumption's ghost (amateur OpCj)
  2497 | D:3      | Reached XP level 4. HP: 24/24 MP: 7/8
  2575 | D:3      | Slain by a worker ant

Levels and vault maps discovered:
D:1:      minmay_arrival_nine_rooms, layout_loops_corners,
          grunt_decor_resistance, minmay_misc_feat_encased, kennysheep_boxes
D:2:      layout_basic, first_ration, hangedman_decor_clover_reticule,
          chequers_serial_rivers_room_a
D:3:      layout_loops_ring, led_sif_book, gammafunk_ghost_nasty_kobolds,
          grunt_ministairs_4

Skill      XL: |  1  2 |
---------------+-------+-----
Conjurations   | 6 |  6.5
Dodging        | |  2.8
Stealth        | |  2.0
Spellcasting   | |  2.5

Action                   |  1- 3 |  4- 6 || total
-------------------------+-------+-------++-------
Melee: Kick              |     1 |     2 ||     3
       Peck              |     1 |     2 ||     3
       Unarmed           |     1 |       ||     1
       Short sword       |       |     5 ||     5
 Cast: Magic Dart        |    73 |    14 ||    87
       Dazzling Spray    |       |     1 ||     1
  Use: Scroll            |     4 |       ||     4
  Eat: Chunk             |     3 |       ||     3
       Ration            |     1 |       ||     1
Armor: Robe              |     8 |     1 ||     9
Dodge: Dodged            |     8 |     8 ||    16
